 Dungeon Crawl Stone Soup version 0.25.0-10-g039870ee82 (webtiles) character file.

Game seed: 14460802750001366127

79 mopl the Sneak (level 4, 0/27 HPs)
             Began as an Octopode Earth Elementalist on June 22, 2020.
             Slain by Grinder (4 damage)
             ... on level 3 of the Dungeon.
             The game lasted 00:02:49 (1656 turns).

mopl the Sneak (Octopode Earth Elementalist)        Turns: 1656, Time: 00:02:50

Health: 0/27       AC:  1    Str: 13    XL:     4   Next: 38%
Magic:  0/7        EV: 13    Int: 18    God:
Gold:   131        SH:  4    Dex: 12    Spells: 1/8 levels left

rFire    . . .     SeeInvis .   i - +0 dagger
rCold    . . .     Gourm    .   e - +0 buckler
rNeg     . . .     Faith    .   (helmet restricted)
rPois    .         Spirit   .   (no amulet)
rElec    .         Reflect  .   f - +6 ring of strength
rCorr    .         Harm     .   (no ring)
MR       .....                  (no ring)
Stlth    +++.......             (no ring)
HPRegen  0.09/turn              (no ring)
MPRegen  0.10/turn              (no ring)
                                (no ring)
                                (no ring)

@: very slightly contaminated
A: almost no armour, stealthy swim, amphibious, 8 rings, constrict 8, camouflage
1, gelatinous body 1
a: no special abilities


You were on level 3 of the Dungeon.
You were not hungry.

You visited 1 branch of the dungeon, and saw 3 of its levels.

You collected 131 gold pieces.

Inventory:

Hand Weapons
 i - a +0 dagger (weapon)
Missiles
 b - 69 stones
 n - 29 poisoned darts (quivered)
 s - 5 boomerangs
Armour
 e - a +0 buckler (worn)
Jewellery
 f - a +6 ring of strength (left tentacle)
Wands
 o - a wand of clouds (4)
 t - a wand of enslavement (5)
Scrolls
 a - a scroll of random uselessness {unknown}
 d - 2 scrolls of immolation
 g - a scroll of teleportation {unknown}
 j - a scroll of identify {unknown}
 k - a scroll of amnesia {unknown}
 m - a scroll of magic mapping {unknown}
 q - a scroll of blinking {unknown}
 r - 4 scrolls of enchant armour {unknown}
Potions
 h - a potion of cancellation {unknown}
 l - a potion of might {unknown}
 p - a potion of curing {unknown}
Comestibles
 c - 2 rations
 u - a chunk of flesh


   Skills:
 - Level 2.0 Dodging
 + Level 3.6 Stealth
 + Level 1.3 Shields
 + Level 2.6 Spellcasting
 + Level 1.7 Transmutations
 + Level 3.5 Earth Magic


You had one spell level left.
You knew the following spells:

 Your Spells              Type           Power        Failure   Level  Hunger
a - Sandblast             Erth           ###...       5%          1    #......
b - Petrify               Tmut/Erth      ##......     63%         4    #####..
p - Passwall              Tmut/Erth      ##......     12%         2    ##.....

Your spell library contained the following spells:

 Spells                   Type           Power        Failure   Level  Hunger
 Stone Arrow              Conj/Erth      #.....       34%         3    ###....
 Lee's Rapid Deconstruct  Erth           ###.......   83%         5    ######.


Dungeon Overview and Level Annotations

Branches:
Dungeon (3/15)

Altars:

Annotations:
D:3 Grinder


Innate Abilities, Weirdness & Mutations

You cannot wear most types of armour.
You are very stealthy in the water. (Stealth+)
You are amphibious.
You can wear up to eight rings at the same time.
You can use your tentacles to constrict eight enemies at once.
Your skin changes colour to match your surroundings (Stealth+).
Your rubbery body absorbs attacks. (AC +1, EV +1)


Message History

The blast of sand hits the giant cockroach!
You kill the giant cockroach!
b - 69 stones Grinder drinks a potion.
Grinder is healed!
Unknown command.
You hit Grinder but do no damage. You grab Grinder. You squeeze Grinder.
Grinder is moderately wounded.
You constrict Grinder. Grinder gestures at you.
You suddenly lose the ability to move!
You lose your grip on Grinder.
Grinder says, "Tell me all your secrets, or I'll kill you."
Grinder hits you.
You writhe in agony.
You can move again.
Okay, then.
You closely miss Grinder. Your grab misses Grinder.
Grinder is moderately wounded.
Grinder hits you.
* * * LOW HITPOINT WARNING * * *
You writhe in agony.
You die...

.l..........................
......#.#.#.##.#.......#####
..... #.#5#.##.#.......##
...# #.#.#.##.#........# ..
#.#!#.##.########.## .
#.#.#..#.# #..# #.#.#..#.#
##.## #.#.#..#.# #..#
#.#.#@.#.##########.##
#...5.<............[..
###.####.##########..#
..........# #........
..........#.# #.#####..
#<....###.....###.# ##.
....#.............######.
###.#.###................ #
#. ###############..


You could see Grinder.

Vanquished Creatures
  4 adders
  An ooze (D:1)
  A dart slug (D:1)
  A leopard gecko (D:1)
  A giant cockroach (D:3)
  8 goblins
  2 hobgoblins
  A quokka (D:2)
  A ball python (D:1)
  4 bats
  9 frilled lizards (D:1)
  A leopard gecko skeleton (D:3)
  7 rats
41 creatures vanquished.

Notes
Turn   | Place    | Note
-------+----------+-------------------------------------------
     0 | D:1      | mopl the Octopode Earth Elementalist began the quest for
                  | the Orb.
     0 | D:1      | Reached XP level 1. HP: 11/11 MP: 3/3
   313 | D:1      | Reached XP level 2. HP: 6/17 MP: 3/5
   317 | D:1      | Learned a level 2 spell: Passwall
   784 | D:1      | Reached XP level 3. HP: 16/21 MP: 6/6
   832 | D:1      | Reached skill level 1 in Shields
  1371 | D:2      | Reached XP level 4. HP: 27/27 MP: 7/7
  1418 | D:2      | Learned a level 4 spell: Petrify
  1598 | D:3      | Noticed Grinder
  1606 | D:3      | Paralysed by Grinder for 2 turns
  1613 | D:3      | Paralysed by Grinder for 5 turns
  1654 | D:3      | Paralysed by Grinder for 2 turns
  1656 | D:3      | Slain by Grinder

Illustrated notes

Levels and vault maps discovered:
D:1:      beargit_arrival_greenhouse, layout_loops_cross,
          kennysheep_nondescript, minmay_lizard_pond
D:2:      layout_loops_cross
D:3:      layout_basic, first_ration, uniq_grinder

Skill      XL: |  1  2  3 |
---------------+----------+-----
Stealth        | 3 |  3.6
Shields        | 1 |  1.3
Dodging        | |  2.0
Spellcasting   | |  2.6
Transmutations | |  1.7
Earth Magic    | |  3.5

Action                   |  1- 3 |  4- 6 || total
-------------------------+-------+-------++-------
Melee: Unarmed           |    30 |       ||    30
       Constrict         |    19 |     4 ||    23
       Tentacles         |    13 |     3 ||    16
       Dagger            |    33 |    12 ||    45
 Cast: Sandblast         |     1 |    10 ||    11
Evoke: Wand              |       |     1 ||     1
  Use: Scroll            |     1 |       ||     1
 Stab: Sleeping          |    11 |     1 ||    12
  Eat: Chunk             |     1 |     1 ||     2
Armor: Skin              |     2 |       ||     2
Dodge: Dodged            |    23 |     7 ||    30
Block: Buckler           |     5 |     1 ||     6
